 Dungeon Crawl Stone Soup version 0.29.1-15-g9cfb28693d (webtiles) character file.

Game seed: 10627490107571767030

7 hawla the Firebug (level 2, 0/20 HPs)
             Began as a Meteoran Fire Elementalist on Apr 17, 2023.
             Slain by a goblin
             ... wielding a +0 club
             ... led by Robin
              (3 damage)
             ... on level 2 of the Dungeon.
             The game lasted 00:01:00 (168 turns).

hawla the Firebug (Meteoran Fire Elementalist)       Turns: 168, Time: 00:01:01

Health: 0/20       AC:  2    Str:  9    XL:     2   Next: 23%
Magic:  3/7        EV: 12    Int: 16    God:
Gold:   75         SH:  0    Dex: 14    Spells: 6/7 levels left

rFire   . . .      SeeInvis .   (no weapon)
rCold   . . .      Faith    .   (no shield)
rNeg    . . .      Spirit   .   a - +0 robe
rPois   .          Reflect  .   (no helmet)
rElec   .          Harm     .   (no cloak)
rCorr   .          Rampage  .   (no gloves)
Will    .....                   (no boots)
Stlth   +.........              (no amulet)
HPRegen 0.06/turn               (no ring)
MPRegen 0.10/turn               (no ring)

@: glowing
A: sense surroundings 1, otherworldly, glowing, explore regen
a: no special abilities


You were on level 2 of the Dungeon.
You visited 1 branch of the dungeon, and saw 2 of its levels.

You collected 75 gold pieces.

Inventory:

Armour
 a - a +0 robe (worn)
Potions
 b - a potion of magic


   Skills:
 + Level 2.5 Dodging
 - Level 1.4 Stealth
 + Level 3.0 Spellcasting
 + Level 1.2 Conjurations
 + Level 4.0 Fire Magic


You had 6 spell levels left.
You knew the following spells:

 Your Spells              Type           Power      Damage    Failure   Level
a - Foxfire               Conj/Fire      40%        2x1d6     6%          1

Your spell library contained the following spells:

 Spells                   Type           Power      Damage    Failure   Level
 Scorch                   Fire           30%        2d6       5%          2
 Sting                    Tmut/Pois      8%         1d3       19%         1
 Conjure Flame            Conj/Fire      10%        6-21      19%         3
 Inner Flame              Hex/Fire       8%         N/A       24%         3
 Poisonous Vapours        Pois/Air       4%         N/A       28%         2
 Flame Wave               Conj/Fire      10%        2d6       52%         4
 Olgreb's Toxic Radiance  Pois           2%         N/A       88%         4


Dungeon Overview and Level Annotations

Branches:
Dungeon (2/15) Zot: 1031

Altars:

Annotations:
D:2 Robin


Innate Abilities, Weirdness & Mutations

You passively map a small area around you.
You are easily found by Zot.
You glow in the dark.
You regain HP and MP as you explore.


Message History

Confirm with . or Enter, or press ? or * to list all spells.
You conjure some foxfire!
The foxfire hits the hobgoblin.
You kill the hobgoblin!
The foxfire hits the goblin.
The goblin is severely wounded.
A goblin comes into view. It is wielding a +0 dagger.
Found a scroll labelled PUROIM ITTO.
The goblin shouts!
You hear a shout!
The foxfire hits the goblin.
The goblin is severely wounded.
A goblin comes into view. It is wielding a +0 club. x2
The foxfire hits the goblin.
You kill the goblin!
Your Spellcasting skill increases to level 3!
Your Fire Magic skill increases to level 4!
You see here a +0 pair of gloves.
Robin roars a battlecry!
The goblins go into a battle-frenzy!
A goblin comes into view. It is wielding a +0 club. x2
Robin throws the goblin at you!
You open the door. The goblin hits you with a +0 club.
Robin throws the goblin at you!
You hit the goblin.
The goblin is heavily wounded.
The goblin hits you with a +0 club. The goblin barely misses you.
The goblin hits you with a +0 dagger.
* * * LOW HITPOINT WARNING * * *
The goblin barely misses you. Robin throws the goblin at you!
Casting: Foxfire (safe; 6% risk of failure)
Confirm with . or Enter, or press ? or * to list all spells.
You don't know that spell.
Unknown command.
As you read the scroll labelled HYXZUM ZOL YCA, it crumbles to dust.
The creatures around you are filled with an inner flame!
It was a scroll of immolation.
The goblin hits you with a +0 club.
* * * LOW HITPOINT WARNING * * *
The goblin hits you but does no damage. The goblin misses you.
Robin flexes a bicep menacingly.
The goblin hits you with a +0 club.
You die...

* , ** ###### ,
#.#....######.# ,
#.#.#.#.........# #
#.#.#.#.........# * #.
,#.#.#...........# .#
#.#.###............ , .
#.#.#....#.........
#.###.#.#g#.####.#####...,
#.?...#'#@#.# ..# ... ,
#####...ggg.# ###* ..
........gg..#
............# *
######....g.# * ,
,........)# , *,
##.....<...,,, , *
#......)... *, ,
#.>......... _


You could see Robin (inner flame) and 6 goblins.

Vanquished Creatures
  A bat (D:2)
  An endoplasm (D:1)
  2 goblins (D:2)
  A hobgoblin (D:2)
  A kobold (D:1)
6 creatures vanquished.

Vanquished Creatures (others)
  18 foxfires
18 creatures vanquished.

Grand Total: 24 creatures vanquished

Notes
Turn   | Place    | Note
-------+----------+-------------------------------------------
     0 | D:1      | hawla the Meteoran Fire Elementalist began the quest for
                  | the Orb.
     0 | D:1      | Reached XP level 1. HP: 14/14 MP: 5/5
   157 | D:2      | Reached XP level 2. HP: 13/20 MP: 2/6
   157 | D:2      | Noticed Robin
   160 | D:2      | Reached skill level 4 in Fire Magic
   168 | D:2      | Slain by a goblin

Illustrated notes

Levels and vault maps discovered:
D:1:      kennysheep_arrival_seaside, layout_basic, kennysheep_flooded_box,
          minmay_octomino_e4
D:2:      layout_basic, shapermc_ecumenical_altar_mp_urbaneastern,
          chequers_serial_rivers_micro_a, uniq_robin, uniq_sigmund

Skill      XL: |  1  2 |
---------------+-------+-----
Spellcasting   | 3 |  3.0
Fire Magic     | 4 |  4.0
Dodging        | |  2.5
Stealth        | |  1.4
Conjurations   | |  1.2

Action                   || total
-------------------------++-------
Melee: Unarmed           ||     5
 Cast: Foxfire           ||    10
  Use: Scroll            ||     1
Armor: Robe              ||     1
Dodge: Dodged            ||     3
